 Dungeon Crawl Stone Soup version 0.24.0-35-gdb84b6a5db (webtiles) character file.

Game seed: 11133130695234674806, levelgen mode: deterministic

284 Iamsoldier the Charmwright (level 6, -1/50 HPs)
             Began as a Gnoll Skald on Nov 20, 2019.
             Was a Believer of Cheibriados.
             Slain by a worm (7 damage)
             ... on level 3 of the Dungeon.
             The game lasted 00:08:38 (3367 turns).

Iamsoldier the Charmwright (Gnoll Skald)            Turns: 3367, Time: 00:08:38

Health: -1/50      AC:  4    Str: 18    XL:     6   Next: 29%
Magic:  6/14       EV: 15    Int: 22    God:    Cheibriados [**....]
Gold:   88         SH:  0    Dex: 20    Spells: 6/15 levels left

rFire    . . .     SeeInvis +   a - +0 spear
rCold    . . .     Gourm    .   (no shield)
rNeg     . . .     Faith    .   r - +0 leather armour (curse)
rPois    .         Spirit   .   (no helmet)
rElec    .         Reflect  .   o - +0 cloak
rCorr    .         Harm     .   (no gloves)
MR       .....                  (no boots)
Stlth    ++........             (no amulet)
HPRegen  0.16/turn              k - ring of see invisible
MPRegen  0.14/turn              (no ring)

@: very slow
A: distributed training, fangs 1, strong nose
a: Bend Time, Renounce Religion


You were on level 3 of the Dungeon.
You worshipped Cheibriados.
Cheibriados was pleased with you.
You were hungry.

You visited 1 branch of the dungeon, and saw 3 of its levels.
You also visited: Sewer.

You collected 88 gold pieces.

Inventory:

Hand Weapons
 a - a +0 spear (weapon)
Armour
 b - a +0 leather armour
 o - a +0 cloak (worn)
 r - a cursed +0 leather armour (worn)
Jewellery
 k - a ring of see invisible (left hand)
Scrolls
 c - a scroll of identify
 h - 4 scrolls of teleportation
 i - a scroll of remove curse {unknown}
 m - a scroll of blinking {unknown}
 q - a scroll of fear
Potions
 e - 3 potions of curing {unknown}
 f - a potion of flight
 g - a potion of cancellation {unknown}
 j - 2 potions of berserk rage {unknown}
 l - a potion of brilliance {unknown}
 n - 2 potions of haste {unknown}
Comestibles
 d - 10 rations


   Skills:
 + Level 4.9 Fighting
 + Level 1.8 Short Blades
 + Level 1.8 Long Blades
 + Level 1.8 Axes
 + Level 1.8 Maces & Flails
 + Level 4.9 Polearms
 + Level 1.8 Staves
 + Level 1.8 Slings
 + Level 1.8 Bows
 + Level 1.8 Crossbows
 + Level 1.8 Throwing
 + Level 3.2 Armour
 + Level 4.9 Dodging
 + Level 1.8 Stealth
 + Level 1.8 Shields
 + Level 1.8 Unarmed Combat
 + Level 5.3 Spellcasting
 + Level 1.4 Conjurations
 + Level 1.4 Hexes
 + Level 5.6 Charms
 + Level 1.4 Summonings
 + Level 1.4 Necromancy
 + Level 1.4 Translocations
 + Level 1.4 Transmutations
 + Level 1.4 Fire Magic
 + Level 1.4 Ice Magic
 + Level 1.4 Air Magic
 + Level 1.4 Earth Magic
 + Level 1.4 Poison Magic
 + Level 2.0 Invocations
 + Level 1.8 Evocations


You had 6 spell levels left.
You knew the following spells:

 Your Spells              Type           Power        Failure   Level  Hunger
a - Infusion              Chrm           ####         1%          1    None
b - Shroud of Golubria    Chrm/Tloc      ###...       4%          2    None
c - Spectral Weapon       Hex/Chrm       ###.....     9%          3    ##.....
d - Regeneration          Chrm/Necr      ###.......   9%          3    ##.....

Your spell library contained the following spells:

 Spells                   Type           Power        Failure   Level  Hunger
 Song of Slaying          Chrm           ####....     1%          2    None


Dungeon Overview and Level Annotations

Branches:
Dungeon (3/15)              Sewer (visited)

Altars:
Cheibriados

Annotations:
D:3 2 transporters, Flugslaktarn's ghost, amateur MiFi


Innate Abilities, Weirdness & Mutations

Your experience applies equally to all skills.
You have very sharp teeth.
Your uncanny sense of smell can sniff out nearby items.


Message History

The worm is moderately wounded.
Your spectral weapon hits the worm from afar.
You barely miss the worm.
The worm is moderately wounded.
Your spectral weapon hits the worm from afar.
The worm bites you!
Your shroud falls apart!
You hit the worm.
The worm is heavily wounded.
Your spectral weapon hits the worm from afar.
You hit the worm but do no damage. You bite the worm, but do no damage.
The worm is heavily wounded.
Your spectral weapon hits the worm from afar.
The worm bites you!
* * * LOW HITPOINT WARNING * * *
You hit the worm but do no damage.
The worm is heavily wounded.
Your spectral weapon hits the worm from afar.
The worm bites you!
You die...

.....# *,,,,,,,,,,* .....#
*,,,,,,,,,,* .....#
*,,,,,.,,,,* .....#
*,,,,..,,,,* .....#
*,,,...,,,,* .....#
*,,....,,,,* .....#
*,.....,,,,*
.....#############......,,,,*
...............(@wo.....,,,,*
####################.###*****
#<....#*******,,,,*,*
#####....,,,,,,,,,*,*
****#*****,****,* *,,,,,,*
********


You could see a worm, an orc and a friendly spectral +0 spear.

Vanquished Creatures
  A big kobold (Sewer)
  An orc priest (D:3)
  2 orc wizards (D:3)
  A worker ant zombie (D:3)
  A river rat (Sewer)
  3 adders (D:3)
  3 worms (D:3)
  A dart slug (D:1)
  6 leopard geckos
  4 orcs (D:3)
  5 giant cockroaches
  5 goblins
  6 hobgoblins
  8 jackals
  5 bats
  5 frilled lizards
  8 kobolds
  11 rats
76 creatures vanquished.

Notes
Turn   | Place    | Note
-------+----------+-------------------------------------------
     0 | D:1      | Iamsoldier the Gnoll Skald began the quest for the Orb.
     0 | D:1      | Reached XP level 1. HP: 20/20 MP: 6/6
   379 | D:1      | Reached XP level 2. HP: 18/26 MP: 4/7
   388 | D:1      | Learned a level 2 spell: Shroud of Golubria
   997 | D:2      | Found a snail-covered altar of Cheibriados.
  1001 | D:2      | Became a worshipper of Cheibriados the Contemplative
  1115 | D:2      | Reached XP level 3. HP: 17/31 MP: 1/9
  1121 | D:2      | Learned a level 3 spell: Spectral Weapon
  1125 | D:2      | Learned a level 3 spell: Regeneration
  1280 | D:2      | Reached skill level 5 in Spellcasting
  1860 | D:2      | Reached skill level 1 in Invocations
  2173 | D:3      | Reached * piety under Cheibriados
  2208 | D:3      | Reached skill level 1 in Short Blades
  2208 | D:3      | Reached skill level 1 in Long Blades
  2208 | D:3      | Reached skill level 1 in Axes
  2208 | D:3      | Reached skill level 1 in Maces & Flails
  2208 | D:3      | Reached skill level 1 in Staves
  2208 | D:3      | Reached skill level 1 in Slings
  2208 | D:3      | Reached skill level 1 in Bows
  2208 | D:3      | Reached skill level 1 in Crossbows
  2208 | D:3      | Reached skill level 1 in Throwing
  2208 | D:3      | Reached skill level 1 in Stealth
  2208 | D:3      | Reached skill level 1 in Shields
  2208 | D:3      | Reached skill level 1 in Unarmed Combat
  2208 | D:3      | Reached skill level 1 in Evocations
  2223 | D:3      | Reached XP level 4. HP: 38/38 MP: 7/11
  2229 | D:3      | Found a glowing drain.
  2249 | Sewer    | Entered a sewer
  2378 | Sewer    | Noticed a big kobold
  2395 | Sewer    | Killed a big kobold
  2395 | Sewer    | Reached skill level 1 in Conjurations
  2395 | Sewer    | Reached skill level 1 in Hexes
  2395 | Sewer    | Reached skill level 1 in Summonings
  2395 | Sewer    | Reached skill level 1 in Necromancy
  2395 | Sewer    | Reached skill level 1 in Translocations
  2395 | Sewer    | Reached skill level 1 in Transmutations
  2395 | Sewer    | Reached skill level 1 in Fire Magic
  2395 | Sewer    | Reached skill level 1 in Ice Magic
  2395 | Sewer    | Reached skill level 1 in Air Magic
  2395 | Sewer    | Reached skill level 1 in Earth Magic
  2395 | Sewer    | Reached skill level 1 in Poison Magic
  2395 | Sewer    | Reached XP level 5. HP: 32/43 MP: 1/12
  2487 | Sewer    | Found a glowing silver altar of Zin.
  2666 | D:3      | Found a transporter.
  2666 | D:3      | Found a transporter.
  2666 | D:3      | Noticed Flugslaktarn's ghost (amateur MiFi)
  2752 | D:3      | Reached ** piety under Cheibriados
  3323 | D:3      | Reached XP level 6. HP: 46/50 MP: 13/13
  3367 | D:3      | Slain by a worm

Levels and vault maps discovered:
D:1:      dpeg_arrival_boxorama, layout_loops_corners
D:2:      layout_basic, lemuel_tele_altar
D:3:      layout_basic, gammafunk_ghost_mausoleum, gup_sewer_entry_bubbles,
          first_ration

Skill      XL: |  1  2  3  4  5  6 |
---------------+-------------------+-----
Spellcasting   | 5 |  5.3
Invocations    | 1 2 |  2.0
Short Blades   | 1 |  1.8
Long Blades    | 1 |  1.8
Axes           | 1 |  1.8
Maces & Flails | 1 |  1.8
Staves         | 1 |  1.8
Slings         | 1 |  1.8
Bows           | 1 |  1.8
Crossbows      | 1 |  1.8
Throwing       | 1 |  1.8
Stealth        | 1 |  1.8
Shields        | 1 |  1.8
Unarmed Combat | 1 |  1.8
Evocations     | 1 |  1.8
Conjurations   | 1 |  1.4
Hexes          | 1 |  1.4
Summonings     | 1 |  1.4
Necromancy     | 1 |  1.4
Translocations | 1 |  1.4
Transmutations | 1 |  1.4
Fire Magic     | 1 |  1.4
Ice Magic      | 1 |  1.4
Air Magic      | 1 |  1.4
Earth Magic    | 1 |  1.4
Poison Magic   | 1 |  1.4
Armour         | 3 |  3.2
Fighting       | |  4.9
Polearms       | |  4.9
Dodging        | |  4.9
Charms         | |  5.6

Action                   |  1- 3 |  4- 6 || total
-------------------------+-------+-------++-------
Melee: Spear             |   147 |   134 ||   281
       Bite              |     9 |    17 ||    26
       Punch             |       |     3 ||     3
 Cast: Infusion          |     9 |       ||     9
       Spectral Weapon   |     4 |     9 ||    13
       Shroud of Golubri |       |     2 ||     2
       Regeneration      |       |     1 ||     1
  Use: Scroll            |     2 |     4 ||     6
       Potion            |       |     1 ||     1
 Stab: Sleeping          |     3 |     2 ||     5
  Eat: Chunk             |     5 |     2 ||     7
Armor: Leather armour    |    28 |    15 ||    43
Dodge: Dodged            |    91 |    55 ||   146
